 Dungeon Crawl Stone Soup version 0.18.1-48-g4cf74bf (webtiles) character file.

359 Heedrag the Slasher (level 6, -1/53 HPs)
             Began as a Minotaur Fighter on Aug 4, 2016.
             Slain by an orc warrior
             ... wielding a +0 glaive
              (8 damage)
             ... on level 4 of the Dungeon.
             The game lasted 00:04:49 (2516 turns).

Heedrag the Slasher (Minotaur Fighter)              Turns: 2516, Time: 00:04:50

Health: -1/53      AC: 10    Str: 22    XL:     6   Next: 37%
Magic:  5/5        EV:  5    Int:  5    God:
Gold:   192        SH:  9    Dex: 10    Spells: 0 memorised, 5 levels left

rFire  . . .     SeeInvis .     a - +0 long sword
rCold  . . .     Gourm    .     C - +0 chain mail
rNeg   . . .     Faith    .     c - +0 shield
rPois  .         Spirit   .     (helmet restricted)
rElec  .         Dismiss  .     D - +0 cloak
rCorr  .         Reflect  .     (no gloves)
SustAt .         Harm     .     (no boots)
MR     .....                    (no amulet)
Stlth  ..........               (no ring)
                                n - ring of loudness (curse)

@: not resistant to hostile enchantments, extremely unstealthy
A: retaliatory headbutt, horns 2
a: no special abilities


You were on level 4 of the Dungeon.
You were not hungry.

You visited 1 branch of the dungeon, and saw 4 of its levels.

You collected 192 gold pieces.

Inventory:

Hand Weapons
 a - a +0 long sword (weapon)
 u - a +0 vampiric hand axe
 E - a +1 dagger of flaming
Armour
 b - a +0 scale mail
 c - a +0 shield (worn)
 C - a +0 chain mail (worn)
 D - a +0 cloak (worn)
Jewellery
 n - a cursed ring of loudness (left hand)
Scrolls
 e - a scroll of random uselessness {unknown}
 h - 2 scrolls of remove curse {unknown}
 k - 8 scrolls of identify {unknown}
 m - 2 scrolls of enchant armour {unknown}
 o - a scroll of enchant weapon {unknown}
 q - a scroll of recharging {unknown}
 s - a scroll of amnesia {unknown}
 v - 3 scrolls of teleportation {unknown}
 w - 2 scrolls of fog {unknown}
 y - a scroll of noise {unknown}
 A - a scroll of fear {unknown}
Potions
 d - a potion of might
 g - a potion of brilliance {unknown}
 i - a potion of cancellation {unknown}
 l - a potion of curing {unknown}
 p - 2 potions of heal wounds {unknown}
 t - a potion of agility
 x - 2 potions of berserk rage {unknown}
 z - a potion of mutation {unknown}
Comestibles
 f - 5 bread rations
 j - 3 fruits
 r - 3 meat rations
 F - a slice of pizza


   Skills:
 + Level 4.3 Fighting
 * Level 7.4 Long Blades
 + Level 4.4 Armour
 - Level 3.6 Shields


You had 5 spell levels left.
You didn't know any spells.

Dungeon Overview and Level Annotations

Branches:
Dungeon (4/15)
 Temple: D:4-7

Altars:
Ashenzari
Kikubaaqudgha
Okawaru
Ru
Vehumet


Innate Abilities, Weirdness & Mutations

You reflexively headbutt those who attack you in melee.
You have a pair of horns on your head.


Message History

Tha orc warrior hits ye but does nay damage.
Somethin' hits ye.
Ye completely miss somethin'.
Tha orc warrior barely misses ye.
Somethin' hits ye but does nay damage.
Ye bump inta tha stone wall.
Somethin' hits ye but does nay damage.
Tha orc warrior hits ye from afar wit' a glaive.
Ye closely miss somethin'.
Ye headbutt somethin'!
Ye hear some strange, mumbled words.
A magic dart appears from outta thin air!
Tha magic dart hits ye!
Tha orc warrior hits ye from afar wit' a glaive!
* * * LOW HITPOINT WARNIN'
* * * Ye completely miss somethin'.
Ye feel less confused.
Somethin' hits ye but does nay damage.
Tha orc warrior hits ye but does nay damage.
Ye miss somethin'.
Somethin' hits ye but does nay damage.
Ye closely miss somethin'.
Tha orc warrior hits ye from afar wit' a glaive!
Ye die...

#...... # #...... #.
#...... #.. #......
#..####### ##.....
#........# #.....
#........# #.....
#........# #.....
#....)o{@# #.....
#######.## ######.....
#...###.#######.##.##'##.
#....#...'..#..........#.
#....#...#..#..........#.
#....#...#..#..........#.
#...######'#############.
#...###..................
#.....#..................


You could see an orc warrior.

Vanquished Creatures
  2 vampire bats (D:2)
  An orc priest (D:4)
  An iguana (D:4)
  3 orc wizards
  4 adders
  3 worms (D:2)
  4 dart slugs
  A giant gecko (D:4)
  13 orcs
  4 bat skeletons (D:2)
  A bat zombie (D:2)
  2 giant cockroaches (D:1)
  3 hobgoblins
  2 jackals (D:3)
  7 kobolds
  2 quokkas (D:3)
  3 ball pythons
  7 bats
  3 giant newts
  6 goblins
  21 rats
93 creatures vanquished.

Notes
Turn   | Place    | Note
--------------------------------------------------------------
     0 | D:1      | Heedrag the Minotaur Fighter began the quest for the Orb.
     0 | D:1      | Reached XP level 1. HP: 19/19 MP: 0/0
    68 | D:1      | Reached skill level 3 in Long Blades
   184 | D:1      | Reached XP level 2. HP: 26/26 MP: 1/1
   690 | D:2      | Reached skill level 4 in Long Blades
   699 | D:2      | Reached XP level 3. HP: 30/31 MP: 2/2
   713 | D:2      | Found a shattered altar of Ashenzari.
   747 | D:2      | Found an iron altar of Okawaru.
   747 | D:2      | Found a radiant altar of Vehumet.
   858 | D:2      | Found an ancient bone altar of Kikubaaqudgha.
   861 | D:2      | Reached skill level 5 in Long Blades
   861 | D:2      | Reached XP level 4. HP: 35/39 MP: 3/3
   874 | D:2      | Reached skill level 6 in Long Blades
   953 | D:2      | Reached XP level 5. HP: 34/46 MP: 4/4
  1884 | D:4      | Reached skill level 7 in Long Blades
  1906 | D:4      | Reached XP level 6. HP: 41/52 MP: 5/5
  2141 | D:4      | Found a sacrificial altar of Ru.
  2497 | D:4      | Noticed an orc warrior
  2516 | D:4      | Slain by an orc warrior

Skill      XL: |  1  2  3  4  5 |
---------------+----------------+-----
Long Blades    | 3 4 5 6 7 |  7.4
Armour         | 4 |  4.4
Fighting       | 4 |  4.3
Shields        | |  3.6

Action                   |  1- 3 |  4- 6 || total
-------------------------+-------+-------++-------
Melee: Long sword        |    71 |   157 ||   228
       Headbutt          |    12 |    20 ||    32
  Eat: Chunk             |       |     5 ||     5
Armor: Scale mail        |    40 |    51 ||    91
       Chain mail        |       |    14 ||    14
Dodge: Dodged            |    31 |    31 ||    62
Block: Shield            |    40 |    56 ||    96
